Map: Acolyte LE

Players

A.I. 1 (Elite)

  • Race: Terran Terran
  • Spawn Location: 1:00

A.I. 2 (Elite)

  • Race: Zerg Zerg
  • Spawn Location: 7:00

VOD

Have the link to the VOD?

Description

Time

  • Played on: Aug. 19, 2017, 10:47 p.m.
  • Length: 5:10
Show
View Real Time Build Order
Export as new Build Order

A.I. 1 (Elite) Terran 

Build Orders:  

Get SALT Encoding   

  12  0:01  SCV  
  13  0:13  SCV  
  14  0:19  Supply Depot  
  14  0:25  SCV  
  15  0:40  SCV  
  16  0:43  Barracks  
  16  0:53  SCV  
  17  1:05  SCV  
  18  1:17  Supply Depot, SCV  
  19  1:21  Refinery  
  19  1:29  SCV  
  19  1:30  Marine  
  21  1:41  SCV  
  22  1:48  Marine  
  22  1:50  Barracks  
  22  1:53  SCV  
  24  1:55  Refinery  
  24  2:02  Supply Depot  
  24  2:05  SCV  
  24  2:06  Marine  
  26  2:17  SCV  
  27  2:24  Marine  
  27  2:26  Factory  
  27  2:29  SCV  
  29  2:37  Marine  
  29  2:41  Marine, SCV  
  32  2:53  SCV  
  32  2:55  Marine  
  34  2:59  Marine  
  35  3:06  SCV  
  35  3:08  Barracks  
  36  3:13  Marine  
  36  3:18  Barracks Tech Lab, SCV  
  38  3:29  Starport  
  38  3:30  SCV  
  38  3:31  Barracks Tech Lab, Supply Depot  
  39  3:36  Factory Tech Lab  
  39  3:53  Marine, SCV  
  39  3:54  Marine  
  42  4:05  SCV  
  42  4:09  Marine  
  44  4:12  Marine  
  45  4:17  SCV  
  46  4:29  SCV  
  46  4:31  Supply Depot  
  47  4:34  Viking  
  43  4:40  Marine  
  43  4:41  SCV  
  43  4:42  Marine  
  43  4:44  Marine  
Show
View Real Time Build Order
Export as new Build Order

A.I. 2 (Elite) Zerg 

Build Orders: Pool First 

Get SALT Encoding   

  12  0:00  Drone  
  13  0:12  Overlord  
  13  0:17  Drone  
  14  0:30  Drone  
  15  0:40  Spawning Pool, Drone  
  15  0:45  Drone  
  15  0:49  Drone  
  17  0:52  Extractor  
  17  0:55  Drone  
  17  1:06  Drone  
  18  1:17  Drone  
  19  1:26  Queen  
  19  1:28  Zergling x2  
  19  1:30  Roach Warren  
  21  1:38  Overlord  
  21  1:49  Drone  
  22  1:59  Overlord  
  22  2:10  Roach  
  24  2:21  Roach  
  26  2:28  Hatchery  
  25  2:32  Roach  
  25  2:33  Roach  
  25  2:35  Drone  
  30  2:41  Roach  
  32  2:47  Roach  
  34  2:54  Overlord  
  34  3:05  Roach x2  
  38  3:12  Roach  
  40  3:15  Roach  
  42  3:20  Roach  
  44  3:27  Roach  
  46  3:37  Overlord  
  46  3:39  Roach  
  48  3:43  Roach  
  50  3:48  Zergling x2  
  51  4:06  Lair  
  51  4:16  Extractor  
  50  4:18  Extractor  
  50  4:21  Drone  
  50  4:24  Drone  
  50  4:26  Drone  
  51  4:31  Zergling x2  
  51  4:35  Drone  
  51  4:37  Drone  
  50  4:41  Drone  
  50  4:45  Drone  
  48  4:48  Drone  
  48  4:51  Drone  
  50  4:55  Drone  
  52  5:09  Hydralisk Den  
Tags
 
Matchup
TvZ
Opening
Pool First
Spawn Locations
Cross Positions
Add a new tag
Caveats
  • Supply blocks, unpowered buildings, or Contaminate may cause inaccurate times.
  • Supply counts are checked every 10 seconds.